 Dungeon Sprint DCSS version 0.21.1-1-g345015f (webtiles) character file.

1866 Fang the Severer (level 8, 0/88 HPs)
             Began as a Minotaur Berserker on May 31, 2018.
             Was a High Priest of Trog.
             Slain by a hippogriff (5 damage)
             ... in the Dungeon (Sprint IX: "|||||||||||||||||||||||||||||").
             The game lasted 00:02:02 (812 turns).

Fang the Severer (Minotaur Berserker)                Turns: 812, Time: 00:02:03

Health: 0/88       AC:  6    Str: 24    XL:     8   Next: 90%
Magic:  7/7        EV: 15    Int:  4    God:    Trog [*****.]
Gold:   15         SH:  0    Dex: 10    Spells: 7/7 levels left

rFire    . . .     SeeInvis .   n - +1 broad axe (chop)
rCold    . . .     Gourm    .   (no shield)
rNeg     . . .     Faith    .   b - +0 animal skin
rPois    .         Spirit   .   (helmet restricted)
rElec    .         Reflect  .   (no cloak)
rCorr    .         Harm     .   (no gloves)
MR       .....     NoTele   +   (no boots)
Stlth    ++........             (no amulet)
HPRegen  0.24/turn              o - +2 ring of protection
MPRegen  0.10/turn              p - +2 ring of protection

@: berserk cooldown, slowed, very slow
A: retaliatory headbutt, horns 2
a: Berserk, Trog's Hand, Brothers in Arms, Burn Spellbooks, Renounce Religion


You were in the Dungeon.
You worshipped Trog.
Trog was extremely pleased with you.
You were near starving.

You visited 1 branch You collected 15 gold pieces.

Inventory:

Hand Weapons
 a - a +0 hand axe
 n - a +1 broad axe of chopping (weapon)
Armour
 b - a +0 animal skin (worn)
Jewellery
 o - a +2 ring of protection (left hand)
 p - a +2 ring of protection (right hand)
Wands
 m - a wand of acid (10)
Scrolls
 i - 3 scrolls of blinking
 l - 3 scrolls of remove curse
 s - 2 scrolls of enchant weapon
 t - 3 scrolls of identify
Potions
 d - 6 potions of curing
 e - a potion of invisibility
 f - a potion of haste
 g - 4 potions of magic
 h - a potion of berserk rage
 j - a potion of might
 k - 4 potions of heal wounds
 q - a potion of brilliance
 r - a potion of agility
Comestibles
 c - a ration


   Skills:
 + Level 13.7 Fighting
 + Level 15.8 Axes
 + Level 6.7 Armour
 + Level 7.2 Dodging
 + Level 2.9 Stealth


You had 7 spell levels left.
You didn't know any spells.

Dungeon Overview and Level Annotations

Branches:
Dungeon (1/1)

Altars:
Cheibriados
Dithmenos
Elyvilon
Fedhas
Gozag
Hepliaklqana
Kikubaaqudgha
Makhleb
Nemelex Xobeh
Okawaru
Qazlal
Ru
Sif Muna
Trog
Uskayaw
Vehumet
Wu Jian
Xom
Yredelemnul
Zin
The Shining One
Beogh
Jiyva
Lugonu


Innate Abilities, Weirdness & Mutations

You reflexively headbutt those who attack you in melee.
You have a pair of horns on your head.


Message History

Unknown command.
You slice the hippogriff!!
You kill the hippogriff!
Trog accepts your kill.
Unknown command.
You slash the hippogriff!
The hippogriff is moderately wounded.
The hippogriff bites you.
* * * LOW HITPOINT WARNING * * *
The hippogriff pecks you but does no damage.
The hippogriff claws you.
* * * LOW HITPOINT WARNING * * *
You slash the hippogriff!
The hippogriff is severely wounded.
The hippogriff bites you.
* * * LOW HITPOINT WARNING * * *
The hippogriff barely misses you. The hippogriff completely misses you.
The hippogriff misses you. You furiously retaliate!
You headbutt the hippogriff. The hippogriff pecks you.
You die...

▓▓▓▓▓▓▓▓▓▓▓▓▓▓▓▓▓▓▓▓▓▓▓▓
...'......}F....@HHtFFl.
▓▓▓▓▓▓▓▓▓▓▓▓▓▓▓▓▓▓▓▓▓▓▓▓▓▓▓▓▓▓▓▓▓
.................................
▓▓▓▓▓▓▓▓▓▓▓▓▓▓▓▓▓▓▓▓▓▓▓▓▓▓▓▓▓▓▓▓▓
).....))....'____________________
▓▓▓▓▓▓▓▓▓▓▓▓▓▓▓▓▓▓▓▓▓▓▓▓▓▓▓▓▓▓▓▓▓


You could see 2 hippogriffs, 2 spiny frogs, a basilisk, a blink frog and a
crocodile.

Vanquished Creatures
  A two-headed ogre (D)
  A cyclops (D)
  A hippogriff (D)
  A basilisk (D)
  A hungry ghost (D)
  A sky beast (D)
  A phantom (D)
  A centaur (D)
  A bullfrog (D)
  A killer bee (D)
  A crimson imp (D)
  An iguana (D)
  A worker ant (D)
  3 gnolls (D)
  An adder (D)
  An adder zombie (D)
  2 giant cockroaches (D)
  A goblin (D)
  A jackal (D)
  A bat (D)
  A frilled lizard (D)
24 creatures vanquished.

Vanquished Creatures (others)
  A spatial maelstrom (D)
1 creature vanquished.

Grand Total: 25 creatures vanquished

Notes
Turn   | Place    | Note
-------+----------+-------------------------------------------
     0 | D        | Fang the Minotaur Berserker began the quest for the Orb.
     0 | D        | Reached XP level 1. HP: 19/19 MP: 0/0
     6 | D        | Reached skill level 4 in Axes
     8 | D        | Reached ** piety under Trog
    21 | D        | Banished a spatial maelstrom
    64 | D        | Noticed a crimson imp
    67 | D        | Reached skill level 5 in Fighting
    67 | D        | Reached skill level 5 in Axes
    67 | D        | Reached XP level 2. HP: 29/29 MP: 1/1
    69 | D        | Killed a crimson imp
    69 | D        | Reached *** piety under Trog
    69 | D        | Reached skill level 6 in Axes
    69 | D        | Reached XP level 3. HP: 38/38 MP: 2/2
    78 | D        | HP: 2/57 [poisoned by an adder]
    81 | D        | Reached skill level 7 in Axes
    81 | D        | Reached XP level 4. HP: 2/45 MP: 3/3
    84 | D        | HP: 1/45 [poisoned by an adder]
   254 | D        | Found a roughly hewn altar of Beogh.
   254 | D        | Found a snail-covered altar of Cheibriados.
   254 | D        | Found a shadowy altar of Dithmenos.
   254 | D        | Found a white marble altar of Elyvilon.
   254 | D        | Found a blossoming altar of Fedhas.
   254 | D        | Found an opulent altar of Gozag.
   255 | D        | Found a hazy altar of Hepliaklqana.
   256 | D        | Found a viscous altar of Jiyva.
   257 | D        | Found an ancient bone altar of Kikubaaqudgha.
   258 | D        | Found a corrupted altar of Lugonu.
   259 | D        | Found a burning altar of Makhleb.
   260 | D        | Found a sparkling altar of Nemelex Xobeh.
   261 | D        | Found an iron altar of Okawaru.
   262 | D        | Found a stormy altar of Qazlal.
   263 | D        | Found a sacrificial altar of Ru.
   264 | D        | Found a deep blue altar of Sif Muna.
   265 | D        | Found a bloodstained altar of Trog.
   266 | D        | Found a hide-covered altar of Uskayaw.
   267 | D        | Found a radiant altar of Vehumet.
   268 | D        | Found an ornate altar of the Wu Jian Council.
   269 | D        | Found a shimmering altar of Xom.
   270 | D        | Found a basalt altar of Yredelemnul.
   271 | D        | Found a glowing silver altar of Zin.
   272 | D        | Found a glowing golden altar of the Shining One.
   302 | D        | Noticed a hungry ghost
   302 | D        | Noticed a centaur
   302 | D        | Noticed a phantom
   306 | D        | Killed a hungry ghost
   306 | D        | Reached **** piety under Trog
   306 | D        | Reached skill level 9 in Axes
   306 | D        | Reached XP level 5. HP: 57/57 MP: 4/4
   308 | D        | Reached skill level 10 in Axes
   308 | D        | Reached skill level 5 in Armour
   312 | D        | Killed a centaur
   312 | D        | Reached skill level 10 in Fighting
   312 | D        | Reached XP level 6. HP: 66/66 MP: 5/5
   313 | D        | Reached skill level 11 in Axes
   313 | D        | Reached skill level 5 in Dodging
   371 | D        | Noticed a sky beast
   371 | D        | Noticed a two-headed ogre
   371 | D        | Noticed a cyclops
   377 | D        | Reached ***** piety under Trog
   377 | D        | Reached skill level 12 in Axes
   378 | D        | Reached skill level 1 in Stealth
   384 | D        | Killed a sky beast
   384 | D        | Reached XP level 7. HP: 74/74 MP: 6/6
   387 | D        | Killed a two-headed ogre
   387 | D        | Received a gift from Trog
   387 | D        | Reached skill level 14 in Axes
   387 | D        | Reached XP level 8. HP: 58/85 MP: 7/7
   391 | D        | Killed a cyclops
   391 | D        | Reached skill level 15 in Axes
   792 | D        | Noticed a blink frog
   792 | D        | Noticed a hippogriff
   792 | D        | Noticed a hippogriff
   792 | D        | Noticed a hippogriff
   794 | D        | Noticed a spiny frog
   797 | D        | Noticed a spiny frog
   810 | D        | Killed a hippogriff
   812 | D        | Slain by a hippogriff

Skill      XL: |  1  2  3  4  5  6  7  8 |
---------------+-------------------------+-----
Fighting       | 5 6 9 10 11 12 13 | 13.7
Axes           | 5 6 7 9 10 12 14 15 | 15.8
Armour         | 3 4 5 6 |  6.7
Dodging        | 3 4 5 6 7 |  7.2
Stealth        | 1 2 |  2.9

Action                   |  1- 3 |  4- 6 |  7- 9 || total
-------------------------+-------+-------+-------++-------
Melee: Hand axe          |    23 |       |       ||    23
       Headbutt          |     3 |     3 |     2 ||     8
       Broad axe         |       |    19 |    17 ||    36
Invok: Berserk           |     1 |     2 |     1 ||     4
  Use: Potion            |       |     1 |       ||     1
 Stab: Sleeping          |       |     1 |       ||     1
  Eat: Chunk             |       |     1 |     1 ||     2
Armor: Animal skin       |     5 |     1 |    13 ||    19
Dodge: Dodged            |    10 |    10 |    17 ||    37
